 Dungeon Crawl Stone Soup version 0.20.1 (webtiles) character file.

359 KleinerIrrer the Covert (level 6, -17/42 HPs)
             Began as an Octopode Monk on July 2, 2017.
             Was a Priest of Nemelex Xobeh.
             Killed by a card of wild magic (32 damage)
             ... on level 4 of the Dungeon.
             The game lasted 00:10:31 (2406 turns).

KleinerIrrer the Covert (Octopode Monk)             Turns: 2406, Time: 00:10:32

Health: -17/42     AC:  1    Str: 11    XL:     6   Next: 65%
Magic:  6/6        EV: 14    Int: 12    God:    Nemelex Xobeh [***...]
Gold:   177        SH:  0    Dex: 16    Spells: 5/5 levels left

rFire    . . .     SeeInvis .   k - +0 dagger
rCold    . . .     Gourm    .   (no shield)
rNeg     . . .     Faith    .   (helmet restricted)
rPois    .         Spirit   .   (no amulet)
rElec    .         Reflect  .   (no ring)
rCorr    .         Harm     .   (no ring)
MR       .....                  (no ring)
Stlth    +++++.....             (no ring)
Regen    0.2/turn               (no ring)
MPRegen  0.1/turn               (no ring)
                                (no ring)
                                (no ring)

@: lethally poisoned (-17 -> -21)
A: almost no armour, stealthy swim, amphibious, 8 rings, constrict 8, camouflage
1, gelatinous body 1
a: Triple Draw, Renounce Religion


You were on level 4 of the Dungeon.
You worshipped Nemelex Xobeh.
Nemelex Xobeh was most pleased with you.
You were not hungry.

You visited 1 branch of the dungeon, and saw 4 of its levels.

You collected 177 gold pieces.

Inventory:

Hand Weapons
 k - a +0 dagger (weapon)
 u - a +0 blowgun
Missiles
 t - 7 needles of confusion
 v - 4 curare-tipped needles
Scrolls
 c - a scroll of fear
 d - 2 scrolls of identify
 g - 2 scrolls of remove curse
 m - a scroll of teleportation
 n - a scroll of enchant armour {unknown}
 A - a scroll of amnesia {unknown}
Potions
 b - 2 potions of lignification
 i - a potion of berserk rage {unknown}
 l - a potion of cancellation {unknown}
 s - 2 potions of agility
Books
 y - a book of Misfortune

   Spells                             Type                      Level
   a - Confusing Touch                Hexes                        1
   b - Confuse                        Hexes                        3
   c - Gell's Gravitas                Translocation                3
   d - Petrify                        Transmutation/Earth          4
   e - Metabolic Englaciation         Hexes/Ice                    5
   f - Yara's Violent Unravelling     Hexes/Transmutation          5
Miscellaneous
 o - a plain deck of destruction {drawn: 6}
 p - a plain deck of destruction
 q - a plain deck of destruction
 r - a plain deck of summoning
 w - a plain deck of destruction
 z - a fan of gales
Comestibles
 a - 3 bread rations
 h - 3 meat rations
 j - 5 fruits
 x - 2 royal jellies


   Skills:
 - Level 3.0 Fighting
 - Level 3.0 Dodging
 * Level 9.7 Stealth
 - Level 3.0 Unarmed Combat


You had 5 spell levels left.
You didn't know any spells.

Dungeon Overview and Level Annotations

Branches:
Dungeon (4/15)
 Temple: D:4-7

Altars:
Kikubaaqudgha
Nemelex Xobeh

Annotations:
D:4 Ijyb


Innate Abilities, Weirdness & Mutations

You cannot wear most types of armour.
You are very stealthy in the water. (Stealth+)
You are amphibious.
You can wear up to eight rings at the same time.
You can use your tentacles to constrict eight enemies at once.
Your skin changes colour to match your surroundings (Stealth+).
Your rubbery body absorbs attacks. (AC +1, EV +1)


Message History

You have drawn Pain.
Press: ? - help, Shift-Dir - straight line, f - adder
Aim: an adder The adder convulses!
You feel sick. The adder bites you. Ijyb closely misses you.
You draw a card...
It is the Orb.
You have drawn the Orb.
Press: ? - help, Shift-Dir - straight line, f/p - adder
Aim: an adder (heavily wounded)
The orb of energy hits the adder.
The adder is severely wounded.
The adder bites you. Ijyb barely misses you.
You draw a card...
It is Wild Magic.
The adder is caught in an explosion of flying shrapnel!
The explosion engulfs the adder.
The adder dies!
The explosion engulfs you!
Ouch! That really hurt!
You die...
Your body glows with a rainbow of weird colours and disappears.

##.#####.......
.....# #.#
#........#
##..## #.#
#.#.####..
#..#. #.#
#.#.#### .
#..#. #.#
#.#.#.. .#
#..#. #.#
#.#.#.##..##
#..## #.#
#.#.#.......
#...#
#.###.........#
#.#..
#....@..#.#...#
# #..
######g.#...
... #..
#......# # #.#
......... #.#
##..#..##.# # #
........... #
#.#.....#.# #
#........ # #


You could see Ijyb.

Vanquished Creatures
  An ogre (D:4)
  An orc wizard (D:3)
  2 worker ants (D:4)
  10 adders
  3 gnolls (D:4)
  An ooze (D:2)
  A worm (D:4)
  A dart slug (D:4)
  2 leopard geckos
  6 orcs
  2 ball pythons (D:2)
  7 bats
  3 giant cockroaches
  4 goblins
  5 hobgoblins
  3 frilled lizards
  A jackal zombie (D:4)
  3 kobolds
  5 rats
61 creatures vanquished.

Vanquished Creatures (collateral kills)
  An ooze (D:3)
  A worm (D:3)
  A leopard gecko (D:3)
  3 jackals (D:4)
  A frilled lizard (D:4)
7 creatures vanquished.

Vanquished Creatures (others)
  An adder (D:4)
1 creature vanquished.

Grand Total: 69 creatures vanquished

Notes
Turn   | Place    | Note
-------+----------+-------------------------------------------
     0 | D:1      | KleinerIrrer the Octopode Monk began the quest for the Orb.
     0 | D:1      | Reached XP level 1. HP: 16/16 MP: 1/1
    50 | D:1      | Reached skill level 3 in Stealth
   179 | D:2      | Reached XP level 2. HP: 21/21 MP: 2/2
   220 | D:2      | Found an ancient bone altar of Kikubaaqudgha.
   244 | D:2      | Reached skill level 4 in Stealth
   301 | D:2      | Reached XP level 3. HP: 11/26 MP: 3/3
   530 | D:2      | Reached skill level 5 in Stealth
   645 | D:2      | Found a faded altar of an unknown god.
   670 | D:2      | Became a worshipper of Nemelex Xobeh the Trickster
   670 | D:2      | Received a gift from Nemelex Xobeh
   670 | D:2      | Received a gift from Nemelex Xobeh
   670 | D:2      | Reached * piety under Nemelex Xobeh
   670 | D:2      | Received a gift from Nemelex Xobeh
   670 | D:2      | Reached ** piety under Nemelex Xobeh
   670 | D:2      | Received a gift from Nemelex Xobeh
   881 | D:3      | Reached XP level 4. HP: 31/31 MP: 4/4
   896 | D:3      | Reached skill level 6 in Stealth
  1001 | D:3      | Reached *** piety under Nemelex Xobeh
  1187 | D:3      | HP: 1/31 [poisoned by an adder]
  1337 | D:3      | Reached skill level 7 in Stealth
  1453 | D:3      | Reached XP level 5. HP: 33/36 MP: 5/5
  1972 | D:3      | Reached skill level 8 in Stealth
  2005 | D:4      | Noticed an ogre
  2012 | D:4      | Killed an ogre
  2012 | D:4      | Reached skill level 9 in Stealth
  2012 | D:4      | Reached XP level 6. HP: 42/42 MP: 6/6
  2071 | D:4      | Received a gift from Nemelex Xobeh
  2389 | D:4      | Noticed Ijyb
  2406 | D:4      | Killed by a card of wild magic

Skill      XL: |  1  2  3  4  5 |
---------------+----------------+-----
Stealth        | 3 4 5 7 9 |  9.7
Fighting       | |  3.0
Dodging        | |  3.0
Unarmed Combat | |  3.0

Action                   |  1- 3 |  4- 6 || total
-------------------------+-------+-------++-------
Melee: Unarmed           |    15 |       ||    15
       Tentacles         |    11 |    19 ||    30
       Constrict         |    12 |    18 ||    30
       Dagger            |    40 |    75 ||   115
       Punch             |     1 |     3 ||     4
Evoke: Deck              |       |     5 ||     5
  Use: Scroll            |       |     7 ||     7
       Potion            |       |     3 ||     3
 Stab: Sleeping          |    11 |     9 ||    20
       Distracted        |       |     2 ||     2
  Eat: Chunk             |       |     5 ||     5
Armor: Skin              |     7 |     3 ||    10
Dodge: Dodged            |    44 |    55 ||    99
